 Dungeon Crawl Stone Soup version 0.28-a0-1206-g193881aaa2 (webtiles) character file.

Game seed: 10094557517597745514

1572 pokeman the Thaumaturge (level 8, -2/44 HPs)
             Began as a Deep Elf Hedge Wizard on Dec 20, 2021.
             Slain by a vampire mosquito (10 damage)
             ... on level 5 of the Dungeon.
             The game lasted 00:20:20 (9251 turns).

pokeman the Thaumaturge (Deep Elf Hedge Wizard)     Turns: 9251, Time: 00:20:21

Health: -2/44      AC:  5    Str:  7    XL:     8   Next: 59%
Magic:  1/24       EV: 12    Int: 22    God:
Gold:   181        SH:  5    Dex: 14    Spells: 16/27 levels left

rFire   . . .      SeeInvis .   K - +2 dagger of the Special Nightmares {holy, rElec rCorr}
rCold   . . .      Faith    .   (no shield)
rNeg    . . .      Spirit   .   f - +0 leather armour
rPois   .          Reflect  +   c - +0 hat
rElec   +          Harm     .   H - +0 cloak
rCorr   +          Rampage  .   C - +0 pair of gloves
Will    .....                   (no boots)
Stlth   ++........              j - amulet of reflection
HPRegen 0.14/turn               (no ring)
MPRegen 0.19/turn               (no ring)

@: on blink cooldown
A: no striking features
a: no special abilities


You were on level 5 of the Dungeon.
You visited 1 branch of the dungeon, and saw 6 of its levels.
You also visited: Sewer.

You collected 226 gold pieces.
You spent 45 gold pieces at shops.

Inventory:

Hand Weapons
 a - a +2 hunting sling of freezing
 F - a +2 glaive of pain
 G - a +4 quarterstaff of chaos
 K - the +2 dagger of the Special Nightmares (weapon) {holy, rElec rCorr}
   (You found it on level 5 of the Dungeon)

   It has been blessed by the Shining One to cause great damage to the undead
   and demons.
   rElec:     It insulates you from electricity.
   rCorr:     It protects you from acid and corrosion.
Missiles
 g - 180 stones
 m - 20 sling bullets
 B - 15 arrows
Armour
 c - a +0 hat (worn)
 f - a +0 leather armour (worn)
 C - a +0 pair of gloves (worn)
 H - a +0 cloak (worn)
Magical Staves
 b - a staff of air
Jewellery
 j - an amulet of reflection (around neck)
Wands
 n - a wand of iceblast (6)
 D - a wand of digging (11)
 E - a wand of flame (15)
Scrolls
 d - 2 scrolls of fog {unknown}
 e - 3 scrolls of teleportation {unknown}
 i - a scroll of holy word {unknown}
 l - a scroll of amnesia {unknown}
 o - 2 scrolls of fear {unknown}
 q - 3 scrolls of identify {unknown}
 r - a scroll of blinking {unknown}
 s - a scroll of summoning {unknown}
 t - 2 scrolls of enchant weapon {unknown}
 y - a scroll of enchant armour {unknown}
 A - a scroll of immolation {unknown}
 I - a scroll of magic mapping
Potions
 h - 2 potions of brilliance {unknown}
 k - 3 potions of magic {unknown}
 p - 2 potions of curing
 u - 3 potions of resistance {unknown}
 v - 3 potions of haste {unknown}
 w - a potion of invisibility {unknown}
 x - a potion of heal wounds {unknown}
 z - a potion of berserk rage {unknown}
 J - a potion of flight {unknown}
 L - a potion of attraction {unknown}


   Skills:
 - Level 2.0 Fighting
 + Level 2.4 Armour
 - Level 3.1 Dodging
 - Level 3.0 Stealth
 * Level 10.0 Spellcasting
 + Level 5.3 Conjurations
 - Level 1.1 Summonings
 + Level 2.9 Necromancy
 - Level 1.1 Translocations
 - Level 3.1 Fire Magic
 - Level 1.0 Air Magic
 - Level 1.1 Poison Magic
 - Level 1.3 Evocations


You had 16 spell levels left.
You knew the following spells:

 Your Spells              Type           Power      Damage    Failure   Level
a - Magic Dart            Conj           100%       1d8       1%          1
b - Mephitic Cloud        Conj/Pois/Air  22%        N/A       10%         3
c - Call Imp              Summ           15%        N/A       9%          2
d - Blink                 Tloc           30%        N/A       9%          2
e - Conjure Flame         Conj/Fire      29%        6-21      4%          3

Your spell library contained the following spells:

 Spells                   Type           Power      Damage    Failure   Level
 Corpse Rot               Necr/Air       38%        N/A       6%          2
 Slow                     Hex            44%        N/A       9%          1
 Dispel Undead            Necr           24%        3d12      26%         4
 Death Channel            Necr           12%        N/A       99%         6
 Chain Lightning          Conj/Air       12%        3d16      100%        9
 Fire Storm               Conj/Fire      14%        8d4       100%        9
 Shatter                  Erth           5%         3d8*      100%        9


Dungeon Overview and Level Annotations

Branches:
Dungeon (6/15)              Sewer (visited)
 Temple: D:4-7

Altars:
Zin

Shops:
D:4 =   D:5 [*

Annotations:
D:5 2 transporters, Adrian566's ghost, novice TrFi


Message History

Nothing appears to happen.
Casting: Call Imp (safe; 9% risk of failure)
Confirm with . or Enter, or press ? or * to list all spells.
A beastly little devil appears in a puff of frigid air.
The vampire mosquito bites you but does no damage.
The vampire mosquito misses you.
You feel stable enough to blink again. The vampire mosquito bites you.
* * * LOW HITPOINT WARNING * * *
The vampire mosquito draws strength from your injuries!
The vampire mosquito bites your white imp! x2
Your white imp dies!
Your white imp disappears in a puff of smoke!
Casting: Call Imp (safe; 9% risk of failure)
Confirm with . or Enter, or press ? or * to list all spells.
You blink.
Your magical contamination has completely faded away.
The vampire mosquito misses you.
You feel stable enough to blink again.
The vampire mosquito bites you but does no damage.
The vampire mosquito misses you.
The vampire mosquito bites you but does no damage.
Casting: Blink (safe; 9% risk of failure)
Confirm with . or Enter, or press ? or * to list all spells.
You blink.
Casting: Blink (safe; 9% risk of failure)
Confirm with . or Enter, or press ? or * to list all spells.
The fire begins to smoulder!
The vampire mosquito smothers the flame.
Casting: Conjure Flame (dangerous; 4% risk of failure)
Confirm with . or Enter, or press ? or * to list all spells.
You don't have enough magic to cast this spell.
Aiming: Throw Flame
Press: ? - help, Shift-Dir - straight line, f - vampire mosquito
Aim: a vampire mosquito (48% to hit)
The puff of flame hits the vampire mosquito.
The vampire mosquito is lightly damaged.
The vampire mosquito closely misses you.
The vampire mosquito bites you!
You die...

### #.... ..# #.### #.# #.#
#.###### ###### #.# #.#....#
#....# #.#
#.#....############....# #.#
#.#.........§y....∩....# #.#
#.#........#######.)...## #.#
#.#........##...@y'....'# #.#
#.#........##.#####....'#####.#
#.###÷#....##.# #..........##.###
#.# #.#....##.# #.###............
#.# #>#....##.# #.#.....[...)[...
#.###'#....##'###'#'#.#'##...####
#.#........#..........#.##..##s..
#.#.....####..........#.##..#8O#.
#.#.....# #..........#.##..#oW.#


You could see a vampire mosquito.

Vanquished Creatures
  Grinder (D:4)
  Menkaure (D:5)
  An ice beast (D:5)
  A sky beast (D:5)
  An ogre (D:5)
  A black bear (D:4)
  A necrophage (D:5)
  2 bullfrogs (Sewer)
  A scorpion (D:6)
  3 centaur skeletons
  An orc priest (D:4)
  Crazy Yiuf (D:4)
  2 orc wizards
  Natasha (thrice) (D:4)
  2 hound skeletons
  17 adders
  3 river rats (Sewer)
  A shadow imp (D:5)
  2 ufetubi
  An adder skeleton (D:4)
  4 worms
  5 dart slugs
  13 orcs
  7 endoplasms
  2 giant cockroaches
  6 goblins
  4 hobgoblins
  6 jackals
  2 quokkas
  11 ball pythons
  3 bats
  3 frilled lizards
  4 kobolds
  29 rats
145 creatures vanquished.

Notes
Turn   | Place    | Note
-------+----------+-------------------------------------------
     0 | D:1      | pokeman the Deep Elf Hedge Wizard began the quest for the
                  | Orb.
     0 | D:1      | Reached XP level 1. HP: 10/10 MP: 7/7
   187 | D:1      | Found a faded altar of an unknown god.
   619 | D:1      | Reached XP level 2. HP: 11/15 MP: 4/9
  1455 | D:2      | Reached skill level 5 in Spellcasting
  1850 | D:2      | Reached XP level 3. HP: 20/20 MP: 3/11
  1854 | D:2      | Learned a level 3 spell: Mephitic Cloud
  1857 | D:2      | Learned a level 2 spell: Call Imp
  1860 | D:2      | Learned a level 2 spell: Blink
  1864 | D:2      | Learned a level 3 spell: Conjure Flame
  2824 | D:2      | Reached skill level 1 in Fighting
  2824 | D:2      | Reached skill level 1 in Armour
  2961 | D:3      | Reached XP level 4. HP: 25/25 MP: 4/13
  3415 | D:3      | Reached skill level 1 in Fire Magic
  3591 | D:3      | Found a glowing silver altar of Zin.
  4013 | D:4      | Reached skill level 6 in Spellcasting
  4032 | D:4      | Reached XP level 5. HP: 15/29 MP: 7/15
  4072 | D:4      | Found a glowing drain.
  4088 | Sewer    | Entered a sewer
  4598 | Sewer    | Reached skill level 1 in Air Magic
  5268 | Sewer    | HP: 1/29 [cloud of noxious fumes (1)]
  5269 | Sewer    | Reached skill level 1 in Poison Magic
  5269 | Sewer    | Reached XP level 6. HP: 1/34 MP: 7/17
  5720 | Sewer    | Reached skill level 7 in Spellcasting
  5720 | Sewer    | Reached skill level 1 in Evocations
  6163 | D:4      | Found a runed translucent door.
  6164 | D:4      | Noticed Crazy Yiuf
  6276 | D:4      | Found Denit's One-of-a-Kind Rings.
  6404 | D:4      | Reached XP level 7. HP: 38/38 MP: 17/20
  6821 | D:4      | Noticed Grinder
  6829 | D:4      | Noticed Natasha
  6842 | D:4      | Killed Grinder
  6843 | D:4      | Reached skill level 8 in Spellcasting
  6845 | D:4      | Killed Natasha
  7012 | D:4      | Noticed Natasha
  7021 | D:4      | Killed Natasha
  7136 | D:4      | Noticed Natasha
  7144 | D:4      | Killed Natasha
  7653 | D:4      | Killed Crazy Yiuf
  7654 | D:4      | Reached skill level 1 in Necromancy
  7727 | D:5      | Entered Level 5 of the Dungeon
  7727 | D:5      | Found Leet Yry's General Store.
  7730 | D:5      | Bought a scroll of magic mapping for 45 gold pieces
  7987 | D:5      | Found a transporter.
  7994 | D:5      | Noticed Adrian566's ghost (novice TrFi)
  8140 | D:5      | Reached XP level 8. HP: 44/44 MP: 16/22
  8383 | D:5      | Found a transporter.
  8392 | D:5      | Found Socoyzxe's Antique Armour Emporium.
  8456 | D:5      | Identified the +2 dagger of the Special Nightmares {holy,
                  | rElec rCorr}
  8480 | D:5      | Noticed Menkaure
  8487 | D:5      | Killed Menkaure
  8488 | D:5      | Reached skill level 9 in Spellcasting
  8806 | D:5      | Reached skill level 5 in Conjurations
  9202 | D:6      | Reached skill level 10 in Spellcasting
  9251 | D:5      | Slain by a vampire mosquito

Illustrated notes

Levels and vault maps discovered:
D:1:      dpeg_arrival_tiny_a, layout_basic, basic_ecumenical_altar,
          dk_noncrumbling_3, st_stairs_5
D:2:      layout_loops_cross
D:3:      layout_basic, mainiacjoe_overflow_concentric_impassable,
          serial_park_tiny_pond
D:4:      layout_basic, cheibrodos_sewer_entry_bend, nicolae_shop_unique_rings,
          due_unseen_surprise, uniq_grinder, uniq_crazy_yiuf_cottage,
          uniq_natasha
D:5:      layout_basic, serial_shops, shop, gammafunk_ghost_arena,
          nicolae_stop_n_shop_2, uniq_menkaure
D:6:      cheibrodos_fzero, layout_cave_pools, nicolae_uskayaw_suspiria,
          marbit_many_paths, minmay_temple_entry_from_below_a, hex_large,
          chequers_serial_rivers_micro_c

Skill      XL: |  1  2  3  4  5  6  7  8 |
---------------+-------------------------+-----
Spellcasting   | 5 6 7 8 10 | 10.0
Fighting       | 1 2 |  2.0
Armour         | 1 2 |  2.4
Conjurations   | 2 3 4 5 |  5.3
Fire Magic     | 1 3 |  3.1
Dodging        | 3 |  3.1
Air Magic      | 1 |  1.0
Stealth        | 3 |  3.0
Poison Magic   | 1 |  1.1
Evocations     | 1 |  1.3
Necromancy     | 1 2 |  2.9
Summonings     | |  1.1
Translocations | |  1.1

Action                   |  1- 3 |  4- 6 |  7- 9 || total
-------------------------+-------+-------+-------++-------
Melee: Staff             |     6 |    20 |     3 ||    29
       Glaive            |       |       |    30 ||    30
       Dagger            |       |       |     2 ||     2
 Cast: Magic Dart        |    94 |   180 |   104 ||   378
       Mephitic Cloud    |     1 |    10 |    11 ||    22
       Conjure Flame     |     1 |     7 |    10 ||    18
       Blink             |       |     4 |     8 ||    12
       Call Imp          |       |       |     4 ||     4
Evoke: Wand              |       |       |     2 ||     2
 Stab: Confused          |       |       |     5 ||     5
Armor: Robe              |     2 |       |       ||     2
       Leather armour    |     1 |    16 |    14 ||    31
Dodge: Dodged            |    13 |    67 |    30 ||   110
Block: Other             |       |    32 |    10 ||    42
       Reflection        |       |       |     1 ||     1

Table legend: (Time is in decaauts)
 A = Elapsed time spent in this place.
 B = Non-inter-level travel time spent in this place.
 C = Inter-level travel time spent in this place.
 D = Time resting spent in this place.
 E = Time spent auto-exploring this place.
 F = Levels seen in this place.
 G = Mean time per level.
                   A        B        C        D        E       F      G
               +--------+--------+--------+--------+--------+-----+--------+
         Total |   9371 |   9009 |    362 |    945 |   6752 |   7 | 1338.7 |
       Dungeon |   7625 |   7263 |    362 |    540 |   5741 |   6 | 1270.8 |
         Sewer |   1745 |   1745 |      0 |    405 |   1011 |   1 | 1745.0 |
               +--------+--------+--------+--------+--------+-----+--------+

Top non-repeatable levels by time:
     D:4: 1941 daAuts
   Sewer: 1745 daAuts
     D:1: 1657 daAuts
     D:5: 1487 daAuts
     D:2: 1292 daAuts
     D:3: 1205 daAuts
     D:6: 41 daAuts
